 Dungeon Crawl Stone Soup version 0.30.0-29-ga12c61a403 (webtiles) character file.

Game seed: 648573474372231296

18 cheesebisquit the Ruffian (level 2, 23/23 HPs)
             Began as a Draconian Transmuter on June 9, 2023.
             Quit the game on level 1 of the Dungeon.
             The game lasted 00:02:34 (364 turns).

cheesebisquit the Ruffian (Draconian Transmuter)     Turns: 364, Time: 00:02:35

Health: 23/23      AC:  4    Str: 12    XL:     2   Next: 51%
Magic:  5/5        EV: 12    Int: 13    God:
Gold:   69         SH:  0    Dex: 11    Spells: 3/6 levels left

rFire   . .          .
                       - Unarmed
rCold   . . .        (no shield)
rNeg    . . .        (body armour unavailable)
rPois   .            (helmet restricted)
rElec   .            (no cloak)
rCorr   .            (no gloves)
SInv    .            (no boots)
Will    .....        (no amulet)
Stlth   +            (no ring)
HPRegen 0.23/turn    (no ring)
MPRegen 0.09/turn

%: no passive effects
@: no status effects
A: AC +4, unfitting armour, cold-blooded
a: no special abilities


You were on level 1 of the Dungeon.
You visited 1 branch of the dungeon, and saw 1 of its levels.

You collected 69 gold pieces.

Inventory:

Scrolls
 c - a scroll of fear {unknown}
 d - a scroll of acquirement {unknown}
Potions
 a - a potion of lignification
 b - 2 potions of degeneration {unknown}
 e - a potion of heal wounds {unknown}


   Skills:
 + Level 1.1 Fighting
 - Level 1.7 Dodging
 + Level 3.0 Unarmed Combat
 - Level 2.5 Spellcasting
 - Level 2.6 Transmutations


You had 3 spell levels left.
You knew the following spells:

 Your Spells              Type           Power      Damage    Failure   Level
a - Beastly Appendage     Tmut           16%        N/A       9%          1
b - Wereblood             Tmut           8%         N/A       12%         2

Your spell library contained the following spells:

 Spells                   Type           Power      Damage    Failure   Level
 Poisonous Vapours        Pois/Air       2%         N/A       36%         2
 Spider Form              Tmut/Pois      5%         N/A       38%         3
 Mephitic Cloud           Conj/Pois/Air  1%         N/A       58%         3
 Ice Form                 Ice/Tmut       5%         N/A       80%         4
 Freezing Cloud           Conj/Ice/Air   0%         6-21      100%        5


Dungeon Overview and Level Annotations

Branches:
Dungeon (1/15)

Altars:


Innate Abilities, Weirdness & Mutations

Your plain brown scales are hard. (AC +4)
You cannot fit into any form of body armour.
You are cold-blooded and may be slowed by cold attacks.


Message History

You hit the jackal but do no damage. You claw the jackal.
The jackal is almost dead.
Your transformation is almost over.
The jackal barely misses you. x2
The quokka bites you but does no damage.
You barely miss the jackal. You headbutt the jackal.
You feel a bit better.
You kill the jackal!
The jackal bites you but does no damage.
The quokka barely misses you.
The jackal bites you but does no damage.
You hit the jackal. Your punch misses the jackal.
The jackal is heavily wounded.
The quokka bites you. The jackal barely misses you.
You closely miss the jackal. You headbutt the jackal.
You feel a bit better.
You kill the jackal!
The quokka bites you. The quokka barely misses you.
You hit the quokka.
Your tail-slap misses the quokka.
The quokka is moderately wounded.
The quokka bites you. x2
You miss the quokka. You claw the quokka.
You feel a bit better.
You kill the quokka!
The quokka misses you. The quokka barely misses you.
You punch the quokka!
You feel a bit better.
You kill the quokka!
Your horns disappear.
Your talons disappear.
Your primal bloodlust is almost over.
Your primal bloodlust has ended.
Things that are here:
a quokka corpse; a jackal corpse
Found a sling.
Found a stone staircase leading down.
You now have 69 gold pieces (gained 16).
Found a club and 4 stones.
Found a leather armour.
Found a club.
Found a leather armour.
Saving game... please wait.
Welcome back, cheesebisquit the Draconian Transmuter.
Press ? for a list of commands and other information.
Are you sure you want to abandon this character and quit the game? (Confirm with "yes".)

###### ## #######....# #.
######## #########.........#.###.
........ [......$..######'.....'.
.#############..@.##....)#.#####.
.....# #...[#..)#.#.....#.# #.
####.#####.#.#..#..#.....#.# #.
#...#...#.#.#..#..#.....#.######
#.##..).#.#....#..#.....#....###
#.#.....#.####.#..#######.......
# #..#..#......#.#.....#........
## #..#...(.....##.....#.......#.
.# #####........# #####†.###+####


There were no monsters in sight!

Vanquished Creatures
  A dart slug (D:1)
  3 ball pythons (D:1)
  An endoplasm (D:1)
  4 jackals (D:1)
  A kobold (D:1)
  2 quokkas (D:1)
  A frilled lizard (D:1)
  A rat (D:1)
14 creatures vanquished.

Notes
Turn   | Place    | Note
-------+----------+-------------------------------------------
     0 | D:1      | cheesebisquit the Draconian Transmuter began the quest for
                  | the Orb.
     0 | D:1      | Reached XP level 1. HP: 16/16 MP: 3/3
   154 | D:1      | Reached XP level 2. HP: 22/23 MP: 3/5
   222 | D:1      | Learned a level 2 spell: Wereblood
   364 | D:1      | Quit the game

Illustrated notes

Levels and vault maps discovered:
D:1:      kennysheep_arrival_forest, layout_basic, minmay_3d_cube

Action                     || total
---------------------------++-------
  Melee: Unarmed           ||    30
         Kick              ||     8
         Headbutt          ||     2
         Tailslap          ||     1
         Punch             ||     1
   Cast: Beastly Appendage ||     6
         Wereblood         ||     1
 Armour: Skin              ||    13
  Dodge: Dodged            ||    23
